 Dungeon Crawl Stone Soup version 0.19-a0-805-g0a78ef0 (webtiles) character file.

302 4thArraOfDagon the Sneak (level 6, 0/36 HPs)
             Began as an Octopode Enchanter on June 27, 2016.
             Slain by an adder (5 damage)
             ... on level 5 of the Dungeon.
             The game lasted 00:06:14 (895 turns).

4thArraOfDagon the Sneak (Octopode Enchanter)        Turns: 895, Time: 00:06:14

Health: 0/36       AC:  4    Str:  7    XL:     6   Next: 37%
Magic:  4/9        EV: 12    Int: 18    God:
Gold:   74         SH:  0    Dex: 14    Spells: 2 memorised, 6 levels left

rFire  . . .     SeeInvis .     a - +1 dagger
rCold  . . .     Gourm    .     (no shield)
rNeg   . . .     Faith    .     (helmet restricted)
rPois  .         Spirit   .     (no amulet)
rElec  .         Dismiss  .     k - +3 ring of protection
rCorr  .         Reflect  .     (no ring)
SustAt .         Harm     .     (no ring)
MR     .....                    (no ring)
Stlth  ++++......               (no ring)
                                (no ring)
                                (no ring)
                                (no ring)

@: very slightly contaminated, not resistant to hostile enchantments, stealthy
A: almost no armour, amphibious, 8 rings, constrict 8, camouflage 1, gelatinous
body 1
a: no special abilities


You were on level 5 of the Dungeon.
You were not hungry.

You visited 1 branch of the dungeon, and saw 5 of its levels.

You collected 74 gold pieces.

Inventory:

Hand Weapons
 a - a +1 dagger (weapon)
 p - a +0 mace
Armour
 j - a +0 shield
 q - a +1 hat
Jewellery
 k - a +3 ring of protection (left tentacle)
Scrolls
 f - a scroll of enchant weapon
 g - a scroll of identify
 h - a scroll of remove curse
 i - 3 scrolls of teleportation {unknown}
 l - a scroll of amnesia {unknown}
 o - a scroll of enchant armour
 r - a scroll of noise {unknown}
Books
 b - a book of Maledictions

   Spells                             Type                      Level
   a - Corona                         Hexes                        1
   b - Ensorcelled Hibernation        Hexes/Ice                    2
   c - Confuse                        Hexes                        3
   d - Tukima's Dance                 Hexes                        3
   e - Dazzling Spray                 Conjuration/Hexes            3
 m - a book of Conjurations

   Spells                             Type                      Level
   a - Magic Dart                     Conjuration                  1
   b - Searing Ray                    Conjuration                  2
   c - Dazzling Spray                 Conjuration/Hexes            3
   d - Fulminant Prism                Conjuration/Hexes            4
   e - Iskenderun's Mystic Blast      Conjuration                  4
   f - Iskenderun's Battlesphere      Conjuration/Charms           5
Comestibles
 c - 4 bread rations
 d - a meat ration


   Skills:
 - Level 5.0 Short Blades
 - Level 2.0 Dodging
 * Level 5.3 Stealth
 - Level 2.0 Spellcasting
 - Level 3.0 Hexes
 - Level 2.4 Ice Magic


You had 6 spell levels left.
You knew the following spells:

 Your Spells              Type           Power        Failure   Level  Hunger
a - Corona                Hex            ##.....      6%          1    #......
b - Ensorcelled Hibernat  Hex/Ice        ##....       12%         2    ###....


Dungeon Overview and Level Annotations

Branches:
Dungeon (5/15)
 Temple: D:4-7

Altars:
Elyvilon

Annotations:
D:4 Conn321's ghost, amateur OpFE


Innate Abilities, Weirdness & Mutations

You cannot wear most types of armour.
You are amphibious.
You can wear up to eight rings at the same time.
You can use your tentacles to constrict eight enemies at once.
Your skin changes colour to match your surroundings (Stealth+).
Your rubbery body absorbs attacks. (AC +1)


Message History

You see here an arrow.
Unknown command.
Unknown command.
Unknown command.
Unknown command.
Unknown command.
Unknown command.
Casting: Ensorcelled Hibernation
Confirm with . or Enter, or press ? or * to list all spells.
Aiming: Ensorcelled Hibernation
Press: ? - help, Shift-Dir - straight line, f - adder
Aim: an adder (chance to defeat MR: 50%)
You miscast Ensorcelled Hibernation.
You are very lightly contaminated with residual magic.
You feel a strange surge of energy! The adder closely misses you. x2
Unknown command.
You feel better.
The centaur shoots an arrow.
The arrow hits you!
* * * LOW HITPOINT WARNING * * *
The adder bites you.
You die...

# #..#.# ##.#.#.# #.#.#....#
#.#.#.#. .##.#.#....#
##)#.#.# .....#....#
#)#.#.#. #...#..#.#...
##.#.#.#
#$....c#.#....####.#.#.#.
.###.......<#....#...#######
.......c(.#.#....#...#
.......(#.#@#....#...#
........+.S.#....#...#
........#####.#.##...#
#....#...........'...+
#....#########..##...# #...
##...♣♣#..# ## #..
#..P.♣♣♣♣.P.P .♣♣ #..
#..♣♣P.♣.♣PP..♣ ♣.. #♣
♣♣.P.♣♣♣♣.♣♣♣.♣


You could see a centaur and an adder.

Vanquished Creatures
  A centaur (D:5)
  A scorpion (D:5)
  A hound (D:4)
  2 worker ants
  3 gnolls (D:5)
  2 adders
  A river rat (D:5)
  A shadow imp (D:5)
  2 dart slugs
  2 orcs
  A bat (D:2)
  A giant cockroach (D:5)
  5 goblins
  2 hobgoblins
  3 kobolds
  A quokka (D:4)
  A giant newt (D:2)
  A jackal zombie (D:5)
  3 rats
  A plant (D:5)
35 creatures vanquished.

Notes
Turn   | Place    | Note
--------------------------------------------------------------
     0 | D:1      | 4thArraOfDagon the Octopode Enchanter began the quest for the Orb.
     0 | D:1      | Reached XP level 1. HP: 11/11 MP: 3/3
   116 | D:3      | Reached XP level 2. HP: 17/17 MP: 5/5
   122 | D:3      | Learned a level 2 spell: Ensorcelled Hibernation
   232 | D:3      | Reached XP level 3. HP: 17/21 MP: 6/6
   269 | D:2      | Reached skill level 1 in Ice Magic
   382 | D:4      | Noticed Conn321's ghost (amateur OpFE)
   417 | D:4      | Reached XP level 4. HP: 24/27 MP: 7/7
   516 | D:5      | Entered Level 5 of the Dungeon
   644 | D:5      | Found a white marble altar of Elyvilon.
   657 | D:5      | Reached XP level 5. HP: 24/31 MP: 3/8
   723 | D:5      | Noticed a centaur
   731 | D:5      | Killed a centaur
   731 | D:5      | Reached skill level 5 in Short Blades
   746 | D:5      | Reached XP level 6. HP: 10/36 MP: 5/9
   884 | D:5      | Reached skill level 5 in Stealth
   895 | D:5      | Slain by an adder

Vault maps used:
D:1:      dpeg_arrival_boxorama, serial_corexii_hall, corexii_hall_statues_l,
          corexii_hall_statues_deadend
D:2:      xom_redecorated, minmay_parallelograms, grunt_ministairs_8,
          hangedman_decor_riveting, minmay_rat_hole
D:3:      nicolae_overflow_hidden_temple, minmay_liquid_box,
          lemuel_statue_altar, uniq_natasha, uniq_sigmund
D:5:      wad_woods_stonehenge, nicolae_overflow_crystal_walls, first_bread,
          uniq_edmund

Skill      XL: |  1  2  3  4  5  6 |
---------------+-------------------+-----
Short Blades   | 2 3 5 |  5.0
Ice Magic      | 2 |  2.4
Stealth        | 5 |  5.3
Dodging        | |  2.0
Spellcasting   | |  2.0
Hexes          | |  3.0

Action                   |  1- 3 |  4- 6 || total
-------------------------+-------+-------++-------
Melee: Dagger            |    24 |     4 ||    28
       Constrict         |     8 |     9 ||    17
       Short sword       |    20 |    75 ||    95
       Tentacles         |     3 |    16 ||    19
 Cast: Ensorcelled Hiber |     7 |    13 ||    20
       Corona            |       |     1 ||     1
  Use: Potion            |     3 |     3 ||     6
       Scroll            |       |     5 ||     5
 Stab: Sleeping          |    10 |     8 ||    18
       Distracted        |     1 |       ||     1
  Eat: Beef jerky        |       |     1 ||     1
Armor: Skin              |     5 |    18 ||    23
Dodge: Dodged            |    21 |    17 ||    38
